 Dungeon Crawl Stone Soup version 0.31.0-11-ge490571c62 (webtiles) character file.

Game seed: 14260033126313343394

1127 browni3141 the Chopper (level 8, -11/70 HPs)
             Began as a Minotaur Fighter on Jan 27, 2024.
             Was an Initiate of Okawaru.
             Killed from afar by Maggie (17 damage)
             ... with a bolt of fire
             ... on level 7 of the Dungeon.
             The game lasted 00:01:44 (3243 turns).

browni3141 the Chopper (Minotaur Fighter)           Turns: 3243, Time: 00:01:44

Health: -11/70     AC:  7    Str: 24    XL:     8   Next: 13%
Magic:  7/7        EV:  9    Int:  5    God:    Okawaru [......]
Gold:   120        SH:  5    Dex:  9    Spells: 7/7 levels left

rFire   . . .        a - +0 war axe
rCold   . . .        c - +0 buckler
rNeg    . . .        b - +0 scale mail
rPois   +            (helmet restricted)
rElec   .            (no cloak)
rCorr   .            (no gloves)
SInv    .            (no boots)
Will    .....        (no amulet) Stlth
                     w - ring of poison resistance
HPRegen 0.31/turn    (no ring)
MPRegen 0.10/turn

%: no passive effects
@: mighty
A: horns 2, retaliatory headbutt
a: Renounce Religion


You were on level 7 of the Dungeon.
You worshipped Okawaru.
Okawaru was noncommittal.
You visited 2 branches of the dungeon, and saw 8 of its levels.

You collected 120 gold pieces.

Inventory:

Hand Weapons
 a - a +0 war axe (weapon)
Missiles
 y - 3 boomerangs (quivered)
Armour
 b - a +0 scale mail (worn)
 c - a +0 buckler (worn)
Jewellery
 w - a ring of poison resistance (left hand)
Wands
 o - a wand of polymorph (3)
Scrolls
 g - 3 scrolls of identify {unknown}
 h - a scroll of immolation {unknown}
 i - 2 scrolls of poison {unknown}
 j - a scroll of amnesia {unknown}
 p - a scroll of noise {unknown}
 r - a scroll of enchant armour {unknown}
 s - 2 scrolls of vulnerability {unknown}
 t - a scroll of brand weapon {unknown}
 x - a scroll of teleportation {unknown}
Potions
 e - 4 potions of degeneration {unknown}
 f - a potion of heal wounds {unknown}
 k - a potion of haste {unknown}
 l - a potion of magic {unknown}
 m - a potion of invisibility {unknown}
 n - 3 potions of lignification {unknown}
 q - a potion of curing {unknown}
 u - a potion of attraction {unknown}
 v - 2 potions of mutation {unknown}


   Skills:
 + Level 6.2 Fighting
 * Level 7.7 Axes
 + Level 6.2 Armour
 + Level 6.3 Shields


You had 7 spell levels left.
You didn't know any spells.
Your spell library contained the following spells:

 Spells                   Type           Power      Damage    Failure   Level
 Foxfire                  Conj/Fire      0%         2x1d4     82%         1
 Sandblast                Erth           0%         2d4       82%         1
 Passwall                 Erth           0%         N/A       99%         3
 Stone Arrow              Conj/Erth      0%         3d7       99%         3
 Brom's Barrelling Bould  Conj/Erth      0%         2d3       100%        4
 Plasma Beam              Fire/Air       0%         2x1d10    100%        6
 Starburst                Conj/Fire      0%         6d3       100%        6


Dungeon Overview and Level Annotations

Branches:
Dungeon (7/15)             Temple (1/1) D:6

Altars:
Cheibriados
Dithmenos
Elyvilon
Fedhas
Hepliaklqana
Makhleb
Nemelex Xobeh
Okawaru
Ru
Sif Muna
Trog
Uskayaw
Vehumet
Wu Jian
Xom
Yredelemnul
Zin

Portals:
Bailey: D:7

Annotations:
D:7 Maggie


Innate Abilities, Weirdness & Mutations

You have a pair of horns on your head.
You reflexively headbutt those who attack you in melee.


Message History

The ice beast closely misses you.
You closely miss the ice beast.
The ice beast is moderately wounded.
The ice beast misses you. You furiously retaliate!
You headbutt the ice beast. You slash the ice beast!
The ice beast is almost dead.
The ice beast hits you. The ice beast freezes you!
An ice beast is nearby!
You closely miss the ice beast.
The ice beast is almost dead.
The ice beast hits you but does no damage.
You hit the ice beast.
You kill the ice beast!
Okawaru accepts your kill.
No target in view!
No target in view!
You see here a +0 scale mail.
s - 2 scrolls labelled VESHRU QUATWI (gained 1)
e - 4 grey potions (gained 1)
An orc comes into view. It is wielding a +0 club.
The orc shouts!
The orc throws a boomerang.
The boomerang hits you.
An orc is nearby!
An orc is nearby!
An orc is nearby!
The orc completely misses you. You furiously retaliate!
You headbutt the orc!
You kill the orc!
Okawaru accepts your kill.
y - 3 boomerangs (gained 2)
Things that are here:
a +0 club; a +0 leather armour; an orc corpse No target in view!
Things that are here:
a +0 club; a +0 leather armour; an orc corpse
There is a stone staircase leading down here.
You climb downwards.
You hear the roar of battle.
There is an entrance to a bailey on this level.
Hurry and find it before the portal closes forever!
The iguana hisses angrily.
Found a stone staircase leading up.
There is a stone staircase leading up here.
The iguana barely misses you. You furiously retaliate!
You headbutt the iguana! You closely miss the iguana. You headbutt the iguana.
You kill the iguana!
Okawaru accepts your kill.
No target in view!
No target in view!
You enter the shallow water.
Moving in this stuff is going to be slow.
Maggie the Vainglorious comes into view.
She is wielding a +0 halberd of flaming and carrying a wand of iceblast.
Maggie shouts!
You hear a shout! x2
Maggie points at you and mumbles some strange words.
The bolt of fire hits you!
Maggie moves out of view.
You hear a shout!
A goblin comes into view. It is wielding a +0 spear.
You are engulfed in a cloud of scalding steam.
The goblin shouts!
Maggie gestures wildly while chanting.
Maggie attempts to bespell you! You resist with some effort.
The goblin hits you but does no damage. 2 goblins come into view.
Found a spear.
Found a flagged portal.
The goblin shouts!
The goblin barely misses you. You block the goblin's attack.
Maggie casts a spell.
Maggie attempts to bespell you!
You are mesmerised by Maggie!
A goblin comes into view. It is wielding a +0 spear.
You feel very mighty all of a sudden.
Maggie zaps a wand.
The mass of ice explodes!
The iceblast engulfs you. The goblin hits you but does no damage.
You block Maggie's attack. The goblin hits you but does no damage.
You slash Maggie! Your headbutt misses Maggie.
Maggie is lightly wounded.
Maggie misses you. You furiously retaliate!
You headbutt Maggie! The goblin closely misses you.
You closely miss Maggie.
Maggie is heavily wounded.
Maggie hits you with a +0 halberd of flaming!
Maggie burns you. The goblin closely misses you.
You hit Maggie.
Maggie is heavily wounded.
You block Maggie's attack. The goblin closely misses you.
You barely miss Maggie. Your headbutt misses Maggie.
Maggie is heavily wounded.
Maggie barely misses you. You furiously retaliate!
You headbutt Maggie.
The goblin hits you from afar with a +0 spear.
Maggie hits you with a +0 halberd of flaming!
Maggie burns you. The goblin hits you but does no damage.
You barely miss Maggie.
Maggie is heavily wounded.
Maggie hits you with a +0 halberd of flaming!
Maggie burns you. The goblin closely misses you.
You slash Maggie!
Maggie is severely wounded.
You break out of your daze.
Maggie gives herself a magical halo, but it quickly sputters out.
Maggie gestures at you while chanting. The bolt of fire hits you!
You die...

... ?.## ...###
....# ........~≈
~~.#
#.......~#####~.#
#.......~#.)g#~@#
........~#.∩gg~@#
........~#..g#~.#
........~#####~.#
#....~~~≈~~~.#
##............#
#..............#
#..............#
+......<.......#
#..............#


You could see Maggie and 4 goblins.

Vanquished Creatures
  Prince Ribbit (D:6)
  An orc warrior (D:6)
  2 ice beasts (D:6)
  A black bear (D:6)
  2 ogres (D:4)
  A scorpion (D:5)
  2 hounds
  A bombardier beetle (D:4)
  An orc priest (D:5)
  An orc wizard (D:6)
  An iguana (D:7)
  A sleepcap (D:5)
  8 adders
  A shadow imp (D:5)
  2 dart slugs
  3 ribbon worms
  22 orcs
  3 ball pythons
  3 bats
  2 endoplasms
  A giant cockroach (D:4)
  2 goblins
  2 hobgoblins (D:4)
  A quokka (D:2)
  A frilled lizard (D:2)
  3 kobolds
  3 rats (D:2)
72 creatures vanquished.

Notes
Turn   | Place    | Note
-------+----------+-------------------------------------------
     0 | D:1      | browni3141 the Minotaur Fighter began the quest for the
                  | Orb.
     0 | D:1      | Reached XP level 1. HP: 19/19 MP: 0/0
   194 | D:2      | Reached XP level 2. HP: 21/27 MP: 1/1
   241 | D:2      | Identified the +2 leather armour of Ignis's Esteem {Fly rC-
                  | Str+9 Dex-5}
   248 | D:2      | Reached skill level 3 in Axes
   511 | D:3      | Reached XP level 3. HP: 30/33 MP: 2/2
   695 | D:4      | Reached XP level 4. HP: 40/40 MP: 3/3
   707 | D:4      | Reached skill level 4 in Axes
   802 | D:4      | Noticed an ogre
   808 | D:4      | Killed an ogre
   809 | D:4      | Reached XP level 5. HP: 29/47 MP: 4/4
   935 | D:4      | Found a sacrificial altar of Ru.
  1109 | D:4      | Noticed an ogre
  1119 | D:4      | Killed an ogre
  1120 | D:4      | Reached skill level 5 in Axes
  1120 | D:4      | Reached XP level 6. HP: 4/55 MP: 5/5
  1483 | D:4      | Reached skill level 5 in Armour
  1491 | D:4      | Reached skill level 5 in Fighting
  1495 | D:4      | Reached skill level 5 in Shields
  1755 | D:5      | Entered Level 5 of the Dungeon
  1971 | D:6      | Noticed Prince Ribbit
  1982 | D:6      | Killed Prince Ribbit
  1983 | D:6      | Reached skill level 6 in Axes
  1983 | D:6      | Reached XP level 7. HP: 49/61 MP: 6/6
  2592 | D:6      | Reached skill level 7 in Axes
  2598 | D:6      | Found a staircase to the Ecumenical Temple.
  2605 | Temple   | Entered the Ecumenical Temple
  2734 | Temple   | Became a worshipper of Warmaster Okawaru
  2942 | D:6      | Reached XP level 8. HP: 55/70 MP: 7/7
  3233 | D:7      | Noticed Maggie
  3235 | D:7      | Found a flagged portal.
  3243 | D:7      | Killed from afar by Maggie

Illustrated notes

Levels and vault maps discovered:
D:1:      minmay_arrival_loop, layout_basic, minmay_pentomino_t2
D:2:      layout_basic
D:3:      layout_loops_ring, nicolae_ashenzari_skybound, st_stairs_14
D:4:      layout_loops_cross, lemuel_tele_altar, grunt_ministairs_3
D:5:      layout_cave_pools, dk_vineyard_1
D:6:      layout_loops_corners, minmay_temple_entry_statues_fountains,
          chequers_serial_rivers_small_b, uniq_prince_ribbit1
D:7:      nzn_winding_woodlands_small
          [nzn_winding_woodlands_5x15_river_crossing,
          nzn_winding_woodlands_center_garden, nzn_winding_woodlands_5x15_pool],
          layout_gridville, enter_bailey_3, serial_undead, serial_undead_e,
          serial_undead_c, serial_undead_e, serial_undead_d, serial_undead_d,
          serial_undead_b, serial_undead_f, minmay_manual_mail, uniq_maggie
Temple:   nicolae_temple_slightly_damp_pantheon

Skill      XL: |  1  2  3  4  5  6  7 |
---------------+----------------------+-----
Axes           | 3 4 5 6 7 |  7.7
Armour         | 4 5 6 |  6.2
Shields        | 4 5 6 |  6.3
Fighting       | 4 5 6 |  6.2

Action                     |  1- 3 |  4- 6 |  7- 9 || total
---------------------------+-------+-------+-------++-------
  Melee: War axe           |    58 |    69 |    80 ||   207
         Headbutt          |    13 |    15 |    10 ||    38
    Use: Potion            |       |       |     1 ||     1
 Armour: Scale mail        |    51 |    50 |    67 ||   168
         Skin              |       |       |     2 ||     2
  Dodge: Dodged            |    32 |    33 |    40 ||   105
  Block: Buckler           |    19 |    17 |    21 ||    57
